[Event "Team 45 45 League T56"]
[Site "Internet Chess Club"]
[Date "2013.02.23"]
[Round "1"]
[White "wildangels"]
[Black "WzeroMN"]
[Result "1/2-1/2"]
[WhiteElo "1071"]
[BlackElo "1019"]
[Opening "Konstantinopolsky opening"]
[ECO "C44"]
[Time "17:00:40"]
[TimeControl "2700+45"]

1. e4 e5 2. Nf3 Nc6 3. g3 Nf6 4. d3 Be7 5. Bg2 O-O 6. O-O b6 7. Nbd2 Bb7 8. c3
Rb8 9. Re1 a5 10. Nf1 h6 11. Ne3 d6 12. Nh4 Bc8 13. Nhf5 Qe8 14. Ng4 Bxf5 15.
exf5 Nxg4 16. Qxg4 Bf6 17. Bxh6 Ne7 18. Bg5 Bxg5 19. Qxg5 f6 20. Qh4 Qd7 21.
Qc4+ Kh8 22. Qh4+ Kg8 23. Qc4+ Kh8 24. Qh4+ Kg8 25. Qc4+ Kh8 26. Qh4+ Kg8 27.
Qc4+ Kh8 {Game drawn by repetition} 1/2-1/2

[Event "Team 45 45 League T56"]
[Site "Internet Chess Club"]
[Date "2013.02.24"]
[Round "1"]
[White "zap2"]
[Black "SugarIslander"]
[Result "1-0"]
[WhiteElo "1748"]
[BlackElo "1603"]
[Opening "Réti: King's Indian attack, French variation"]
[ECO "A05"]
[Time "15:05:54"]
[TimeControl "2700+45"]

1. Nf3 Nf6 2. g3 d5 3. Bg2 c5 4. d3 Nc6 5. Nbd2 e6 6. O-O Be7 7. Re1 O-O 8. e4
Qc7 9. Qe2 Re8 10. e5 Nd7 11. c3 b6 12. Nf1 Bb7 13. h4 a5 14. Bf4 b5 15. h5 b4
16. N1h2 bxc3 17. bxc3 Ba6 18. Ng4 Rab8 19. Nfh2 Rb6 20. Nf6+ Nxf6 21. exf6 Bd6
22. Qg4 g6 23. hxg6 fxg6 24. Rxe6 Kf7 25. Bxd6 Qb7 26. Bxd5 Rb1+ 27. Rxb1 Qxb1+
28. Re1+ Kxf6 29. Rxb1 Bxd3 30. Bxc6 {Black resigns} 1-0

[Event "Team 45 45 League T56"]
[Site "Internet Chess Club"]
[Date "2013.02.26"]
[Round "1"]
[White "oldsj"]
[Black "Kravier"]
[Result "1/2-1/2"]
[WhiteElo "1601"]
[BlackElo "1695"]
[Opening "Caro-Kann: Panov-Botvinnik attack"]
[ECO "B13"]
[Time "13:08:28"]
[TimeControl "2700+45"]

1. e4 c6 2. d4 d5 3. exd5 cxd5 4. c4 Bf5 5. Nc3 e6 6. Nf3 h6 7. Be3 Nf6 8. h3
Be7 9. c5 a6 10. Bd3 Bxd3 11. Qxd3 O-O 12. O-O Nc6 13. a3 b5 14. b4 Qc7 15. Rfe1
Rfe8 16. Qd2 Rad8 17. Bf4 Qb7 18. Ne5 Nxe5 19. Bxe5 Ne4 20. Nxe4 dxe4 21. Rad1
Qd5 22. Qc2 f5 23. Qc3 Bf6 24. Bxf6 gxf6 25. Qg3+ Kh7 26. Qh4 Rf8 27. Qg3 Rf7
28. Qc3 Rg7 29. Qe3 Rdg8 30. g3 e5 31. dxe5 Qxe5 32. Kh2 h5 33. Qe2 f4 34. Qxe4+
Qxe4 35. Rxe4 fxg3+ 36. fxg3 Rxg3 37. Rh4 Rxa3 38. Rxh5+ Kg6 39. Rg1+ Kxh5 40.
Rxg8 Rc3 41. Rc8 Kh4 42. c6 Rc2+ 43. Kg1 Kg3 44. Kf1 Kf3 45. Ke1 Ke3 46. Kd1
Rd2+ 47. Kc1 Rd4 48. c7 Kf4 49. h4 Rxb4 50. h5 Re4 51. h6 Re7 52. Kb2 a5 53. Kc3
Rd7 54. Kb3 Rd3+ 55. Kc2 Rd7 56. Kc3 Kf5 57. Kb3 Rd3+ 58. Kc2 Rd7 {Game drawn by
mutual agreement} 1/2-1/2

[Event "Team 45 45 League T56"]
[Site "Internet Chess Club"]
[Date "2013.02.23"]
[Round "1"]
[White "mongmong"]
[Black "rayonline53"]
[Result "1/2-1/2"]
[WhiteElo "1614"]
[BlackElo "1455"]
[Opening "Old Benoni defense"]
[ECO "A46"]
[Time "18:06:41"]
[TimeControl "2700+45"]

1. d4 Nf6 2. Nf3 c5 3. d5 d6 4. Nc3 g6 5. e4 Bg7 6. Bb5+ Bd7 7. a4 O-O 8. O-O a6
9. Be2 Bg4 10. Nd2 Bxe2 11. Qxe2 Nbd7 12. Nc4 b5 13. axb5 axb5 14. Rxa8 Qxa8 15.
Nxb5 Rb8 16. Nba3 Nb6 17. Nxb6 Rxb6 18. Nc4 Ra6 19. b3 Nd7 20. Bb2 Bxb2 21. Nxb2
Ra2 22. Nc4 Nf6 23. Qd3 Ra1 24. f3 Rxf1+ 25. Qxf1 Qa2 26. Qc1 Ne8 27. Qb2 Qxb2
28. Nxb2 Nc7 29. c4 Na6 30. Nd3 Kf8 31. Kf2 Ke8 32. Ke2 Kd8 33. Kd2 Kc7 34. Kc3
Kb6 35. b4 cxb4+ 36. Nxb4 Nb8 37. f4 e6 38. Kd4 Nd7 39. Nd3 exd5 40. cxd5 f6 41.
e5 fxe5+ 42. fxe5 dxe5+ 43. Nxe5 Nf6 44. d6 Kb7 45. h4 Kc8 46. g4 Kd8 47. g5 Nh5
48. Kd5 Nf4+ 49. Kc6 Ne6 50. Ng4 Nd4+ 51. Kd5 Nf5 52. Nf6 Nxh4 53. Nxh7 Nf3 54.
Ke6 Nd4+ 55. Kd5 Nf3 56. Kc5 Kc8 57. Kd5 Kd8 58. Ke4 Nd2+ 59. Ke5 Nf3+ 60. Kf6
Kd7 61. Nf8+ Kxd6 62. Kxg6 Nxg5 {Game drawn because neither player has mating
material} 1/2-1/2

[Event "Team 45 45 League T56"]
[Site "Internet Chess Club"]
[Date "2013.02.23"]
[Round "1"]
[White "nanning"]
[Black "MinnArkie"]
[Result "1-0"]
[WhiteElo "1613"]
[BlackElo "1579"]
[Opening "Sicilian: closed"]
[ECO "B23"]
[Time "15:00:44"]
[TimeControl "2700+45"]

1. e4 c5 2. Nc3 e6 3. g3 Nc6 4. Bg2 Nf6 5. f4 d6 6. Nf3 Be7 7. O-O O-O 8. d3 a6
9. a4 Nd4 10. Bd2 Qb6 11. Nxd4 cxd4 12. Ne2 e5 13. Kh1 Qxb2 14. Rb1 Qa3 15. Bb4
Qxa4 16. fxe5 Ng4 17. exd6 Bxd6 18. Bxd6 Ne3 19. Qd2 Nxf1 20. Rxf1 Re8 21. e5
Re6 22. Qf4 f6 23. Nxd4 Rxd6 24. exd6 Bd7 25. c4 Rb8 26. Bd5+ Kf8 27. c5 Rc8 28.
Ne6+ Bxe6 29. Qxa4 Bxd5+ 30. Kg1 Rxc5 31. d7 Ke7 32. Re1+ Kd8 33. Re8+ Kc7 34.
d8=Q# {Black checkmated} 1-0

[Event "Team 45 45 League T56"]
[Site "Internet Chess Club"]
[Date "2013.02.24"]
[Round "1"]
[White "spongenotbob"]
[Black "hood"]
[Result "1-0"]
[WhiteElo "1883"]
[BlackElo "1595"]
[Opening "Grünfeld: exchange variation"]
[ECO "D85"]
[Time "22:00:40"]
[TimeControl "2700+45"]

1. d4 Nf6 2. c4 g6 3. Nc3 d5 4. cxd5 Nxd5 5. e4 Nxc3 6. bxc3 Bg7 7. Be3 c5 8.
Rc1 Qa5 9. Qd2 O-O 10. Nf3 Nc6 11. Be2 Bg4 12. d5 Bxf3 13. Bxf3 Ne5 14. Be2 Rfd8
15. c4 Qxd2+ 16. Kxd2 b6 17. Kc2 Kf8 18. f4 Nd7 19. e5 Rab8 20. Rb1 Bh6 21. Kd2
Ke8 22. g4 Nf8 23. Bd3 Kd7 24. h4 Kc7 25. g5 Bg7 26. h5 Kb7 27. Bxc5 Rd7 28. Bd4
Rdd8 29. c5 Kc8 30. cxb6 axb6 31. Rhc1+ Kd7 32. Bb5# {Black checkmated} 1-0

[Event "Team 45 45 League T56"]
[Site "Internet Chess Club"]
[Date "2013.02.23"]
[Round "1"]
[White "joebobpop"]
[Black "drsigmund1"]
[Result "0-1"]
[WhiteElo "1600"]
[BlackElo "1640"]
[Opening "French: Tarrasch, closed variation"]
[ECO "C05"]
[Time "13:00:41"]
[TimeControl "2700+45"]

1. e4 e6 2. d4 d5 3. Nd2 Nf6 4. e5 Nfd7 5. Ngf3 c5 6. dxc5 Bxc5 7. Bd3 Nc6 8.
O-O Ndxe5 9. Nxe5 Nxe5 10. Nb3 Nxd3 11. Qxd3 Bd6 12. Re1 Bd7 13. Qxd5 Bc6 14.
Qd3 Qc7 15. g3 O-O 16. Be3 f5 17. Nd4 Bd7 18. Rad1 f4 19. Bc1 fxg3 20. hxg3 Rae8
21. Nb3 Qb6 22. Be3 Qb5 23. Qxd6 Bc6 24. Qc5 Qa4 25. Qxa7 Qg4 26. Qd4 Qf3 27.
Kf1 Qg2+ 28. Ke2 Bf3+ 29. Kd2 Rd8 30. Kc1 Rxd4 31. Rxd4 Bd5 32. c4 Rc8 33. Nd2
b5 34. b3 bxc4 35. Nxc4 e5 36. Rg4 Qf3 37. Rh4 e4 38. Rf4 Qh5 39. g4 Qg6 40. Kb2
Bxc4 41. bxc4 Rxc4 42. Rc1 Rb4+ 43. Ka1 Qe6 44. Rf8+ Kxf8 45. Bc5+ Kf7 46. Bxb4
Qf6+ 47. Rc3 Qxf2 48. Rc7+ Ke6 49. Rc6+ Kd5 50. Rc7 Qg1+ 51. Kb2 Qxg4 52. Rc5+
Ke6 53. Rc6+ Kf7 54. Rc7+ Kg6 55. Rc6+ Kh5 56. Rc5+ g5 57. Bd2 h6 58. a4 Qe2 59.
Kc3 Qd3+ 60. Kb4 Qxd2+ 61. Kb5 e3 62. a5 e2 63. Re5 Qb2+ 64. Kc6 Qxe5 65. a6
e1=Q 66. a7 Qc1+ 67. Kb6 Qcc7+ 68. Ka6 Qe2# {White checkmated} 0-1

[Event "Team 45 45 League T56"]
[Site "Internet Chess Club"]
[Date "2013.02.22"]
[Round "1"]
[White "SpeedBlade"]
[Black "LiangLiang"]
[Result "1-0"]
[WhiteElo "1586"]
[BlackElo "1720"]
[Opening "Grünfeld: 4.Bf4"]
[ECO "D82"]
[Time "19:01:28"]
[TimeControl "2700+45"]

1. d4 Nf6 2. c4 g6 3. Nc3 d5 4. Bf4 c6 5. Nf3 Bg7 6. e3 O-O 7. Bd3 Qa5 8. O-O
Be6 9. Ng5 Bd7 10. Nf3 Qd8 11. h3 Nh5 12. Bh2 e6 13. Bd6 Re8 14. c5 b6 15. b4 f5
16. Ne5 Bf8 17. Bxf8 Rxf8 18. Be2 Ng7 19. f4 Ne8 20. g4 Qh4 21. Kg2 b5 22. g5
Ng7 23. Nf3 Qh5 24. Qe1 {Black resigns} 1-0

[Event "Team 45 45 League T56"]
[Site "Internet Chess Club"]
[Date "2013.02.23"]
[Round "1"]
[White "DouDou"]
[Black "sdcohle"]
[Result "1-0"]
[WhiteElo "1750"]
[BlackElo "1421"]
[Opening "French: Tarrasch, closed variation"]
[ECO "C05"]
[Time "22:03:01"]
[TimeControl "2700+45"]

1. e4 e6 2. d4 d5 3. Nd2 Nf6 4. e5 Nfd7 5. c4 c6 6. Bd3 Be7 7. Ngf3 f6 8. O-O
O-O 9. Nb3 fxe5 10. dxe5 Nc5 11. Nxc5 Bxc5 12. Bg5 Be7 13. Be3 c5 14. Qd2 d4 15.
Bf4 Nc6 16. Ng5 h6 17. Nf3 Bd7 18. Bxh6 gxh6 19. Qxh6 Rf7 20. Rfe1 Rg7 21. Re4
Bg5 22. Nxg5 Rxg5 23. Rf4 Qe7 24. Re1 Rg7 25. Ree4 Qg5 26. Qh3 Rf8 27. Rh4 Nxe5
28. Be2 d3 29. f4 Rxf4 30. Rexf4 dxe2 31. Rh8# {Black checkmated} 1-0

[Event "Team 45 45 League T56"]
[Site "Internet Chess Club"]
[Date "2013.02.25"]
[Round "1"]
[White "sockmonkey"]
[Black "Conjurer"]
[Result "0-1"]
[WhiteElo "1649"]
[BlackElo "1485"]
[Opening "QGD: 3...Nf6"]
[ECO "D35"]
[Time "14:00:38"]
[TimeControl "2700+45"]

1. d4 Nf6 2. c4 e6 3. Nc3 d5 4. e3 c6 5. Bd3 dxc4 6. Bxc4 b5 7. Bd3 Be7 8. Nge2
O-O 9. O-O Nbd7 10. Bd2 a5 11. Qc2 Bb7 12. Ne4 Nxe4 13. Bxe4 Nf6 14. Bf3 Qb6 15.
Nc3 Rac8 16. Qd3 Ba6 17. Ne4 b4 18. Nxf6+ Bxf6 19. Qe4 Bxf1 20. Rxf1 c5 21. dxc5
Rxc5 22. Qg4 Rc2 23. Bc1 Bxb2 24. Be4 Rxc1 {White resigns} 0-1

[Event "Team 45 45 League T56"]
[Site "Internet Chess Club"]
[Date "2013.02.24"]
[Round "1"]
[White "guyd52"]
[Black "semperfi"]
[Result "1-0"]
[WhiteElo "1331"]
[BlackElo "1331"]
[Opening "Réti: King's Indian attack (Barcza system)"]
[ECO "A07"]
[Time "15:00:44"]
[TimeControl "2700+45"]

1. Nf3 d5 2. g3 Nf6 3. Bg2 c6 4. d3 Nbd7 5. b3 e5 6. Nbd2 Bb4 7. Bb2 Qe7 8. c3
Ba3 9. Bxa3 Qxa3 10. Qc2 Qe7 11. e4 Nb6 12. O-O Bg4 13. Rfe1 Nbd7 14. Re3 h6 15.
b4 Qe6 16. Rae1 Bxf3 17. Nxf3 dxe4 18. dxe4 O-O 19. Nd2 Rad8 20. f3 Nb6 21. Bf1
Qd6 22. Rd1 Qe7 23. a4 Nh5 24. a5 Qg5 25. Kf2 Nc8 26. Bc4 Rd6 27. Ba2 Rf6 28.
Nc4 Rg6 29. Rg1 Rd8 30. Rd3 Re8 31. Rd7 Nf4 32. Nxe5 Nh3+ 33. Kg2 Nf4+ 34. Kf2
Ne6 35. Nxg6 Qxg6 36. Bxe6 fxe6 37. Rgd1 Qf6 38. R1d3 Rf8 39. Qd2 Ne7 40. Rd8
Ng6 41. Rxf8+ Nxf8 42. Rd8 g5 43. Rc8 g4 44. f4 e5 45. Qe2 h5 46. Qc4+ Kg7 47.
Rc7+ Kh8 48. f5 Qd6 49. Rf7 Qd2+ 50. Qe2 Qxe2+ 51. Kxe2 Nh7 52. Rxb7 a6 53. Rb6
Ng5 54. Ke3 Nf3 55. Rxa6 Nxh2 56. Kf2 Nf3 57. Rxc6 h4 58. gxh4 Nxh4 59. Kg3 Nf3
60. a6 {Black resigns} 1-0

[Event "Team 45 45 League T56"]
[Site "Internet Chess Club"]
[Date "2013.02.24"]
[Round "1"]
[White "RobertBuice"]
[Black "kirkig"]
[Result "0-1"]
[WhiteElo "1066"]
[BlackElo "1057"]
[Opening "QGD Slav: 3.Nf3"]
[ECO "D11"]
[Time "16:00:47"]
[TimeControl "2700+45"]

1. d4 d5 2. c4 c6 3. Nf3 Bf5 4. Nc3 e6 5. Bg5 Nf6 6. e3 Be7 7. Rc1 O-O 8. Bd3
Bxd3 9. Qxd3 Na6 10. a3 Qd7 11. O-O h6 12. Bxf6 Bxf6 13. b4 Nc7 14. c5 b5 15.
cxb6 axb6 16. a4 c5 17. bxc5 bxc5 18. Rb1 c4 19. Qc2 Rfb8 20. Rxb8+ Rxb8 21. Rb1
Rxb1+ 22. Qxb1 Qc6 23. g3 g5 24. a5 Na6 25. Qb6 Qxb6 26. axb6 Bd8 27. b7 Bc7 28.
Ne5 Bxe5 29. dxe5 Kf8 30. Kf1 Ke7 31. Ke2 Kd7 32. Nb5 Kc6 33. Nd6 Kc7 34. Nxf7
Kxb7 35. Kd2 Kb6 36. Nxh6 Nc5 37. Kc3 Ne4+ 38. Kd4 c3 39. Kd3 Nxf2+ 40. Kxc3 Kc5
41. Kd2 Kc4 42. Ke2 Nd3 43. h4 gxh4 44. gxh4 Nxe5 45. Nf7 Nxf7 46. Kf3 e5 47.
Kg4 d4 48. h5 d3 49. Kf5 d2 50. Kg6 d1=Q 51. Kxf7 Qxh5+ 52. Ke6 Qe8+ 53. Kf5 e4
54. Kf4 Qe6 55. Kg3 Kd3 56. Kf2 Qf5+ 57. Kg3 Qf3+ {White resigns} 0-1

[Event "Team 45 45 League T56"]
[Site "Internet Chess Club"]
[Date "2013.02.24"]
[Round "1"]
[White "WilmaP"]
[Black "artspir"]
[Result "0-1"]
[WhiteElo "1190"]
[BlackElo "1160"]
[Opening "Caro-Kann defense"]
[ECO "B10"]
[Time "12:30:28"]
[TimeControl "2700+45"]

1. e4 c6 2. Nf3 d5 3. Bd3 b6 4. O-O Bg4 5. exd5 cxd5 6. Be2 Nf6 7. b3 Nbd7 8.
Bb2 e6 9. Bb5 Bd6 10. h3 Bxf3 11. Qxf3 O-O 12. Bd3 Re8 13. c4 Rc8 14. cxd5 exd5
15. Nc3 Ne5 16. Qe3 Bc5 17. Qe2 Nc4 18. Qxe8+ Nxe8 19. bxc4 dxc4 20. Bxc4 Qxd2
21. Rab1 Qd4 22. Ba6 Rc6 23. Bb5 Rf6 24. Rbd1 Qf4 25. Ne4 Qxe4 26. Bxf6 gxf6 27.
Bxe8 Qxe8 28. Rde1 Qa4 29. Re8+ Qxe8 30. h4 h5 31. g3 Qf8 32. Re1 Qb8 33. Kg2
Qb7+ 34. f3 Qd7 35. Re4 Qd2+ 36. Kh3 Bg1 37. Re8+ Kg7 38. g4 Qh2# {White
checkmated} 0-1

[Event "Team 45 45 League T56"]
[Site "Internet Chess Club"]
[Date "2013.02.23"]
[Round "1"]
[White "globulon"]
[Black "tornado100"]
[Result "0-1"]
[WhiteElo "1276"]
[BlackElo "1431"]
[Opening "Sicilian: dragon, classical, Nottingham variation"]
[ECO "B34"]
[Time "10:30:43"]
[TimeControl "2700+45"]

1. e4 c5 2. Nf3 Nc6 3. d4 cxd4 4. Nxd4 g6 5. Nc3 Bg7 6. Nb3 Nf6 7. Be3 d6 8. Be2
Be6 9. Qd2 Qd7 10. Bh6 O-O 11. Bxg7 Kxg7 12. O-O-O Rfc8 13. h4 Ne5 14. f3 Nc4
15. Bxc4 Bxc4 16. g4 a5 17. a3 Qe6 18. h5 Rh8 19. Nd5 Bxd5 20. exd5 Qd7 21. hxg6
hxg6 22. Rxh8 Rxh8 23. Qd4 Kg8 24. Nxa5 Qb5 25. Qb4 Qxb4 26. axb4 b6 27. Nc6 Kf8
28. Na7 Rh3 29. Rd3 Rh1+ 30. Kd2 Rh2+ 31. Kc3 Rh3 32. Nc8 Nd7 33. Kc4 Ne5+ 34.
Kd4 Nxd3 35. Kxd3 Rxf3+ 36. Kc4 Rh3 37. Nxb6 Rh8 38. Kb5 Kg7 39. Kc6 f5 40. gxf5
gxf5 41. Nc4 f4 42. Nd2 Rh2 43. Nf3 Rf2 44. Nd4 Rf1 45. b5 f3 46. b6 f2 47. b7
Rd1 48. b8=Q f1=Q 49. b4 Rxd4 50. b5 Qc4+ 51. Kd7 Qxd5 52. b6 Rb4 53. Qe8 Qb5+
54. Kd8 Qxe8+ {White resigns} 0-1

[Event "Team 45 45 League T56"]
[Site "Internet Chess Club"]
[Date "2013.02.23"]
[Round "1"]
[White "ethan0627"]
[Black "jjaco"]
[Result "1-0"]
[WhiteElo "1329"]
[BlackElo "1157"]
[Opening "Giuoco Pianissimo: Italian four knights variation"]
[ECO "C50"]
[Time "13:01:03"]
[TimeControl "2700+45"]

1. e4 e5 2. Nf3 Nc6 3. Bc4 Bc5 4. d3 Nf6 5. Nc3 O-O 6. Bg5 d6 7. Nd5 Ne7 8.
Nxf6+ Kh8 9. Nd5 f6 10. Be3 c6 11. Nxe7 Qxe7 12. d4 Be6 13. Bxe6 Qxe6 14. dxc5
dxc5 15. Bxc5 Rfd8 16. Qe2 b6 17. Ba3 c5 18. b3 Rd7 19. O-O Rad8 20. Rad1 Kg8
21. Rxd7 Rxd7 22. Rd1 Rc7 23. Rd8+ Kf7 24. Qd3 Ke7 25. Nh4 g6 26. h3 b5 27. c3
a5 28. Ra8 f5 29. Rxa5 Rd7 30. Bxc5+ Kf6 31. Qxb5 fxe4 32. Ra6 Qxa6 33. Qxa6+
Kg5 34. g3 {Black resigns} 1-0

[Event "Team 45 45 League T56"]
[Site "Internet Chess Club"]
[Date "2013.02.23"]
[Round "1"]
[White "Sanjaya"]
[Black "dknight"]
[Result "0-1"]
[WhiteElo "1076"]
[BlackElo "1122"]
[Opening "King's Indian: Zinnowitz variation"]
[ECO "A45"]
[Time "14:00:58"]
[TimeControl "2700+45"]

1. d4 Nf6 2. Bg5 g6 3. c4 Bg7 4. Nc3 O-O 5. e4 d6 6. Nf3 Nbd7 7. g3 e5 8. dxe5
dxe5 9. Bh3 Re8 10. O-O h6 11. Bxf6 Qxf6 12. Nd5 Qd8 13. Qa4 c6 14. Nc3 Nc5 15.
Qb4 Bxh3 16. Rfd1 Qf6 17. Nh4 Ne6 18. Qxb7 Nd4 19. Rd2 Nf3+ 20. Nxf3 Qxf3 {White
resigns} 0-1

[Event "Team 45 45 League T56"]
[Site "Internet Chess Club"]
[Date "2013.02.23"]
[Round "1"]
[White "rapidfire"]
[Black "theartist"]
[Result "1-0"]
[WhiteElo "1100"]
[BlackElo "1112"]
[Opening "French: advance, Paulsen attack"]
[ECO "C02"]
[Time "09:01:39"]
[TimeControl "2700+45"]

1. e4 e6 2. d4 d5 3. e5 c5 4. Nf3 Nc6 5. c3 Qb6 6. Be3 Qxb2 7. Bc1 Qxa1 8. Qb3
c4 9. Qc2 Nb4 10. cxb4 Bxb4+ 11. Nbd2 Qc3 12. Qd1 Bd7 13. Be2 Ba3 14. Bxa3 Qxa3
15. Qb1 b5 16. O-O Nh6 17. Ne1 Nf5 18. Nc2 Qe7 19. Nb4 a5 20. Nc2 b4 21. a3 b3
22. Nxb3 cxb3 23. Qxb3 O-O 24. f4 Rab8 25. Qc3 Rfc8 26. Qh3 Rxc2 27. Bd3 Rc3 28.
Rf3 Nxd4 29. Qxh7+ Kf8 30. Qh8# {Black checkmated} 1-0

[Event "Team 45 45 League T56"]
[Site "Internet Chess Club"]
[Date "2013.02.22"]
[Round "1"]
[White "QuieroAprender"]
[Black "ticopatzer"]
[Result "0-1"]
[WhiteElo "1626"]
[BlackElo "1687"]
[Opening "Ruy Lopez: 5.O-O"]
[ECO "C78"]
[Time "17:05:26"]
[TimeControl "2700+45"]

1. e4 e5 2. Nf3 Nc6 3. Bb5 a6 4. Ba4 Nf6 5. O-O b5 6. Bb3 Nxe4 7. Bd5 Nf6 8.
Bxc6 dxc6 9. Nxe5 Qd6 10. d3 Be7 11. Bf4 Qd5 12. Nc3 Qd4 13. Qf3 Bb7 14. Rfe1
O-O 15. Nxc6 Bxc6 16. Qxc6 Qxf4 17. Rxe7 Ng4 18. Ne2 Qxh2+ 19. Kf1 Qh4 20. Qc5
Rae8 21. Re4 Rxe4 22. dxe4 Qh1+ 23. Ng1 Nh2+ 24. Ke2 Qxg2 25. Qe3 Re8 26. Kd3
Ng4 27. Qe2 Nxf2+ 28. Kc3 Nxe4+ 29. Kb4 Qg3 30. Rd1 c5+ 31. Ka5 Qc7+ 32. Kxa6
Re6+ 33. Kxb5 Nd6+ 34. Rxd6 Rxe2 35. Rc6 Qb8+ {White resigns} 0-1

[Event "Team 45 45 League T56"]
[Site "Internet Chess Club"]
[Date "2013.02.24"]
[Round "1"]
[White "JWB"]
[Black "Marcosm06"]
[Result "1/2-1/2"]
[WhiteElo "1674"]
[BlackElo "1672"]
[Opening "English: symmetrical, Benoni formation"]
[ECO "A31"]
[Time "14:00:57"]
[TimeControl "2700+45"]

1. d4 Nf6 2. c4 c5 3. Nf3 cxd4 4. Nxd4 e5 5. Nc2 b6 6. Nc3 Bb7 7. Nd5 Bxd5 8.
cxd5 d6 9. g3 Nbd7 10. Bg2 a5 11. O-O Be7 12. Ne3 O-O 13. Nf5 Re8 14. Nxe7+ Qxe7
15. a4 Rac8 16. e4 Rc7 17. Bd2 Rec8 18. Ra3 Qe8 19. b4 axb4 20. Bxb4 Nc5 21. f3
Ra8 22. Rf2 Nfd7 23. Rfa2 Rca7 24. a5 bxa5 25. Rxa5 Rxa5 26. Rxa5 Rxa5 27. Bxa5
{Game drawn by mutual agreement} 1/2-1/2

[Event "Team 45 45 League T56"]
[Site "Internet Chess Club"]
[Date "2013.02.24"]
[Round "1"]
[White "rayngrant"]
[Black "eclectic"]
[Result "1-0"]
[WhiteElo "1573"]
[BlackElo "1391"]
[Opening "Alekhine's defense: exchange variation"]
[ECO "B03"]
[Time "10:00:53"]
[TimeControl "2700+45"]

1. e4 Nf6 2. e5 Nd5 3. d4 d6 4. c4 Nb6 5. exd6 cxd6 6. Nc3 Nc6 7. Nf3 Bg4 8. Be3
Qc7 9. b3 O-O-O 10. Be2 e6 11. O-O Be7 12. a3 h5 13. b4 Nd7 14. Rc1 h4 15. Ng5
Bxe2 16. Qxe2 Bxg5 17. Bxg5 f6 18. Be3 g5 19. d5 Nce5 20. c5 dxc5 21. Nb5 Qb8
22. dxe6 c4 23. Rxc4+ Nxc4 24. Qxc4+ {Black resigns} 1-0

[Event "Team 45 45 League T56"]
[Site "Internet Chess Club"]
[Date "2013.02.23"]
[Round "1"]
[White "Helaman"]
[Black "kevinbliu"]
[Result "1-0"]
[WhiteElo "1808"]
[BlackElo "1626"]
[Opening "Sicilian: Najdorf, 7.f4"]
[ECO "B96"]
[Time "20:01:12"]
[TimeControl "2700+45"]

1. e4 c5 2. Nf3 d6 3. d4 cxd4 4. Nxd4 Nf6 5. Nc3 a6 6. Bg5 e6 7. f4 Nbd7 8. Qf3
Qc7 9. O-O-O b5 10. Bd3 Be7 11. Rhe1 Bb7 12. Qg3 b4 13. Nd5 exd5 14. exd5 Nc5
15. Nf5 O-O-O 16. Rxe7 Rd7 17. Rxd7 Qxd7 18. Bxf6 gxf6 19. Be2 Kb8 20. Bg4 h5
21. Bh3 Qc7 22. Qe1 Rd8 23. Qxb4 Ka7 24. Qd4 Ka8 25. Qxf6 Ne4 26. Qd4 Rc8 27.
Qxe4 {Black resigns} 1-0

[Event "Team 45 45 League T56"]
[Site "Internet Chess Club"]
[Date "2013.02.23"]
[Round "1"]
[White "SATELLITE-DAN"]
[Black "badmove"]
[Result "1/2-1/2"]
[WhiteElo "1517"]
[BlackElo "1649"]
[Opening "Sicilian: Kan, 5.Nc3"]
[ECO "B43"]
[Time "17:05:01"]
[TimeControl "2700+45"]

1. d4 e6 2. e4 c5 3. Nf3 cxd4 4. Nxd4 a6 5. Nc3 Qc7 6. Bd3 Nf6 7. O-O Bc5 8. Be3
d6 9. Qd2 e5 10. Nde2 Bxe3 11. Qxe3 Be6 12. Rad1 Nbd7 13. h3 b5 14. Rd2 Nc5 15.
Nd5 Bxd5 16. exd5 O-O 17. c3 Nxd3 18. Qxd3 Rac8 19. Ng3 Qc4 20. Qb1 Rc5 21. Nf5
Rd8 22. Rfd1 Qf4 23. Ne7+ Kf8 24. Nc6 Rd7 25. Rd3 Qf5 26. Qc1 h6 {Game drawn by
mutual agreement} 1/2-1/2

[Event "Team 45 45 League T56"]
[Site "Internet Chess Club"]
[Date "2013.02.25"]
[Round "1"]
[White "ILRE"]
[Black "jps7"]
[Result "1-0"]
[WhiteElo "1630"]
[BlackElo "1786"]
[Opening "QGD: exchange, positional line"]
[ECO "D35"]
[Time "13:00:34"]
[TimeControl "2700+45"]

1. c4 e6 2. Nc3 Nf6 3. d4 d5 4. cxd5 exd5 5. Bg5 Be7 6. e3 c6 7. Bd3 h6 8. Bh4
Be6 9. Nge2 O-O 10. h3 Nbd7 11. Qc2 Rc8 12. Nf4 Ne8 13. Nxe6 fxe6 14. Bxe7 Qxe7
15. O-O e5 16. dxe5 Nxe5 17. Be2 Nf6 18. Rab1 b5 19. Rbd1 b4 20. Nb1 Ne4 21. Nd2
Nxd2 22. Rxd2 a5 23. Rc1 Qf6 24. Rf1 Ng6 25. Bg4 Rcd8 26. Qc5 Ne5 27. Be2 Ra8
28. Rd4 Nd7 29. Qc2 Rac8 30. Bg4 Rc7 31. Rxd5 cxd5 32. Qxc7 Ne5 33. Be2 a4 34.
Qb7 Nc6 35. Bf3 Rb8 36. Bxd5+ Kh8 37. Qxc6 Qxb2 38. Qxa4 Rd8 39. Bf3 Rf8 40. Qb3
Qd2 41. Rd1 Qc3 42. Qxc3 bxc3 43. Bg4 Rb8 44. Rc1 Rb2 45. Rxc3 Rxa2 46. Rc8+ Kh7
47. Bf5+ g6 48. Rc7+ Kh8 49. Bxg6 Ra1+ 50. Kh2 Ra2 51. Kg3 Ra6 52. Be4 Re6 53.
Rh7+ Kg8 54. Bd5 Kxh7 55. Bxe6 Kg6 56. Kf4 Kf6 57. Bc4 {Black resigns} 1-0

[Event "Team 45 45 League T56"]
[Site "Internet Chess Club"]
[Date "2013.02.24"]
[Round "1"]
[White "ikatankayangan"]
[Black "houseofcook"]
[Result "1-0"]
[WhiteElo "1584"]
[BlackElo "1437"]
[Opening "French: advance, Paulsen attack"]
[ECO "C00"]
[Time "06:15:28"]
[TimeControl "2700+45"]

1. e4 e6 2. Nf3 d5 3. e5 c5 4. c3 Nc6 5. d4 Qb6 6. Be2 Nge7 7. O-O Nf5 8. dxc5
Bxc5 9. b4 Be7 10. Bd3 O-O 11. Bf4 Bd7 12. Nbd2 a6 13. Nb3 Rac8 14. Rc1 f6 15.
Bxf5 fxe5 16. Nxe5 Nxe5 17. Be3 Qb5 18. Bxh7+ Kxh7 19. Qh5+ Kg8 20. Qxe5 Bf6 21.
Qg3 Kf7 22. h3 Rh8 23. Nd4 Qc4 24. Qd6 Rc7 25. Nb3 Be7 26. Qf4+ Qxf4 27. Bxf4
Rcc8 28. Rfe1 Bf6 29. Be5 Bg5 30. Rc2 Rh6 31. f4 Bf6 32. Nc5 Bc6 33. Ree2 Bxe5
34. fxe5 Ke7 35. Re3 Rf8 36. Rg3 Rh7 37. Rf2 Rxf2 38. Kxf2 b6 39. Nxa6 Kf8 40.
Rg6 Kf7 41. Rg3 Rh5 42. Re3 Rf5+ 43. Rf3 g6 44. Ke3 d4+ 45. cxd4 Bxf3 46. gxf3
g5 47. Nc7 Rf4 48. b5 Rh4 49. Na8 Rh8 50. Nxb6 Rb8 51. Nc4 Rc8 52. Nd6+ {Black
resigns} 1-0

[Event "Team 45 45 League T56"]
[Site "Internet Chess Club"]
[Date "2013.02.25"]
[Round "1"]
[White "rookmaster23"]
[Black "clarinetref"]
[Result "1/2-1/2"]
[WhiteElo "1637"]
[BlackElo "1678"]
[Opening "Caro-Kann: exchange variation"]
[ECO "B13"]
[Time "21:03:37"]
[TimeControl "2700+45"]

1. e4 c6 2. d4 d5 3. exd5 cxd5 4. Bd3 Nc6 5. c3 g6 6. Bf4 Bg7 7. Nf3 Nf6 8. Nbd2
O-O 9. O-O Nh5 10. Be5 Nxe5 11. Nxe5 Qc7 12. Re1 Nf4 13. Bc2 f6 14. Nd3 Nxd3 15.
Bxd3 e5 16. dxe5 fxe5 17. Qb3 Qf7 18. Rf1 Bh6 19. Qc2 Be6 20. Rae1 Qf4 21. Bxg6
e4 22. Bxe4 dxe4 23. Rxe4 Qxd2 24. Qxd2 Bxd2 25. Rxe6 Rf7 26. Rd1 Bg5 27. Rd5
Bc1 28. b3 Raf8 29. f3 b6 30. c4 Ba3 31. Kf2 Bc5+ 32. Ke2 Rg7 33. Kf1 Kh8 34.
Rde5 Rfg8 35. Re2 Rd7 36. Re8 Rd1+ 37. Re1 Rd2 38. R1e2 Rd1+ 39. Re1 Rd2 {Game
drawn by mutual agreement} 1/2-1/2

[Event "Team 45 45 League T56"]
[Site "Internet Chess Club"]
[Date "2013.02.21"]
[Round "1"]
[White "PostMike"]
[Black "smsxman"]
[Result "1-0"]
[WhiteElo "1551"]
[BlackElo "1438"]
[Opening "King's pawn game"]
[ECO "C50"]
[Time "09:30:04"]
[TimeControl "2700+45"]

1. e4 e5 2. Nf3 Nc6 3. Bc4 d6 4. d4 exd4 5. Nxd4 Bd7 6. O-O Be7 7. Nc3 Nf6 8.
Re1 O-O 9. Nd5 Bg4 10. Nxe7+ Nxe7 11. f3 Bh5 12. Bg5 d5 13. exd5 Nexd5 14. Bxd5
Qxd5 15. Bxf6 gxf6 16. c3 Rad8 17. Qa4 a6 18. Rad1 Qg5 19. Kh1 Kh8 20. Ne2 Qe5
21. Ng3 Rxd1 22. Qxd1 Bg6 23. Rxe5 {Black resigns} 1-0